 Dungeon Crawl Stone Soup version 0.26-b1-32-g5d43845318 (webtiles) character file.

Game seed: 16430635643585684810

15955 Goblin1989 the Grappler (level 12, -2/113 (115) HPs)
             Began as a Troll Monk on Jan 7, 2021.
             Was a High Priest of Wu Jian.
             Slain by a two-headed ogre
             ... wielding a +0 giant club
              (19 damage)
             ... on level 10 of the Dungeon.
             The game lasted 00:25:53 (9663 turns).

Goblin1989 the Grappler (Troll Monk)                Turns: 9663, Time: 00:25:53

HP:   -2/113 (115)  AC:  9    Str: 28    XL:     12   Next: 5%
MP:   15/15         EV: 12    Int: 10    God:    Wu Jian [*****.]
Gold: 1593          SH:  0    Dex: 12    Spells: 11/17 levels left

rFire    . . .     SeeInvis .     - Unarmed
rCold    . . .     Faith    .   (no shield)
rNeg     . . .     Spirit   .   b - +1 troll leather armour {Purgy}
rPois    .         Reflect  .   (helmet restricted)
rElec    .         Harm     .   (no cloak)
rCorr    .         Rampage  .   (gloves unavailable)
Will     .....                  (boots unavailable)
Stlth    ++........             (no amulet)
HPRegen  1.08/turn              x - ring of stealth
MPRegen  0.14/turn              E - +6 ring of strength

@: lightly drained
A: large, unfitting armour, claws 3, regeneration 1, shaggy fur 1, tough skin 3
a: Renounce Religion, Wall Jump, Serpent's Lash, Heavenly Storm


You were on level 10 of the Dungeon.
You worshipped Wu Jian.
Wu Jian was extremely pleased with you.
You visited 1 branch of the dungeon, and saw 12 of its levels.
You also visited: Sewer and Bailey.

You collected 1593 gold pieces.

Inventory:

Hand Weapons
 A - the +12 Vampire's Tooth {vamp}
   (You found it on level 10 of the Dungeon)

   It inflicts no extra harm, but heals its wielder when it wounds a living foe.
 O - a cursed -1 giant spiked club
Missiles
 Z - 2 throwing nets (quivered) {!d , @Q1}
Armour
 b - a +1 troll leather armour (worn) {Purgy}
Jewellery
 g - an uncursed ring of resist corrosion
 o - an uncursed ring of poison resistance
 x - a ring of stealth (left claw)
 E - a +6 ring of strength (right claw)
 H - an uncursed ring of flight {unknown}
 J - an uncursed ring of ice
Wands
 G - a wand of flame (35) {@v6}
 I - a wand of iceblast (15) {@v4}
 V - a wand of paralysis (9) {@v7}
Scrolls
 d - 6 scrolls of remove curse {@r3}
 z - a scroll of noise
 B - 2 scrolls of enchant weapon
 K - 3 scrolls of fog
 M - 8 scrolls of enchant armour
 Q - 2 scrolls of amnesia
 R - 3 scrolls of identify {@r1}
 T - 6 scrolls of teleportation {!r, @r2}
 W - 2 scrolls of immolation
 Y - a scroll of summoning
Potions
 w - 3 potions of heal wounds
 C - a potion of cancellation
 D - a potion of haste {@q3,}
 F - 2 potions of flight
 L - 6 potions of curing {@q1}
 N - 2 potions of resistance
 P - 7 potions of ambrosia
 S - a potion of berserk rage
 U - a potion of lignification
 X - a potion of attraction


   Skills:
 + Level 6.7 Fighting
 + Level 6.6 Dodging
 - Level 1.0 Stealth
 - Level 12.0 Unarmed Combat
 + Level 3.0 Spellcasting
 * Level 6.0 Transmutations
 * Level 7.0 Earth Magic


You had 11 spell levels left.
You knew the following spells:

 Your Spells              Type           Power        Failure   Level
Y - Statue Form           Tmut/Erth      9%           97%         6

Your spell library contained the following spells:

 Spells                   Type           Power        Failure   Level
 Petrify                  Tmut/Erth      14%          22%         4
 Summon Small Mammal      Summ           4%           30%         1
 Call Imp                 Summ           1%           43%         2
 Call Canine Familiar     Summ           1%           67%         3
 Confusing Touch          Hex            1%           67%         3
 Gell's Gravitas          Tloc           0%           67%         3
 Summon Guardian Golem    Hex/Summ       1%           67%         3
 Irradiate                Conj/Tmut      3%           94%         5
 Yara's Violent Unravell  Hex/Tmut       3%           94%         5
 Summon Ice Beast         Ice/Summ       1%           97%         4
 Summon Lightning Spire   Summ/Air       1%           97%         4
 Hydra Form               Tmut           6%           99%         6
 Metabolic Englaciation   Hex/Ice        0%           100%        5
 Dragon Form              Tmut           6%           100%        7


Dungeon Overview and Level Annotations

Branches:
Dungeon (12/15)            Temple (0/1) D:7            Lair (0/6) D:11
    Orc (0/2) D:9           Sewer (visited)          Bailey (visited)

Altars:
Hepliaklqana
Okawaru
Qazlal
Sif Muna
Wu Jian
Xom
Yredelemnul
Zin

Annotations:
D:6 exclusion: 2 goblins
D:8 exclusion: door


Innate Abilities, Weirdness & Mutations

You are too large for most types of armour.
You have claws for hands.
Your natural rate of healing is unusually fast.
You are covered in fur. (AC +1)
You have extremely tough skin. (AC +3)


Message History

You destroy the wight!
The Council accepts your kill. The wight closely misses you.
The wight hits you from afar with a cursed +0 halberd.
You feel drained.
You take 4 damage, and have 89/111 hp.
You scratch the wight but do no damage. You claw the wight!
The wight is heavily damaged.
You claw the wight!
You destroy the wight!
The Council accepts your kill.
The wight hits you from afar with a cursed +0 halberd!
Your Transmutations skill increases to level 6!
You take 9 damage, and have 81/111 hp.
You claw the troll! You claw the troll, but do no damage.
The troll is moderately wounded.
The troll barely misses you. The troll claws you! The troll misses you.
The wight closely misses you.
You take 7 damage, and have 74/111 hp.
You scratch the troll.
The troll is moderately wounded.
The troll bites you but does no damage. The troll closely misses you.
The troll barely misses you.
You mangle the troll!!
The troll is almost dead.
The wight closely misses you. The troll barely misses you. x2
The troll completely misses you.
You mangle the troll!!
You kill the troll!
The Council accepts your kill. The wight completely misses you.
You lunge at the wight.
You barely miss the wight.
Things that are here:
a +4 halberd; a +0 robe You barely miss the wight.
The wight closely misses you.
You eviscerate the wight!!!
You destroy the wight!
The Council accepts your kill.
No target in view!
No target in view!
No target in view!
No target in view!
No target in view!
No target in view!
No target in view!
No target in view!
No target in view!
No target in view!
No target in view!
No target in view!
No target in view!
No target in view!
No target in view!
No target in view!
A two-headed ogre is nearby!
You regained 7 hp, and now have 86/113 hp.
A two-headed ogre is nearby!
A two-headed ogre is nearby!
A two-headed ogre is nearby!
An orc comes into view. It is wielding a +0 dagger.
The two-headed ogre hits you with a +0 giant club!!
The two-headed ogre hits you with a +0 giant club!
You take 36 damage, and have 53/113 hp.
MASSIVE DAMAGE!!
You are too injured to fight recklessly!
You are too injured to fight recklessly!
You are too injured to fight recklessly!
You are too injured to fight recklessly!
You are too injured to fight recklessly!
You are too injured to fight recklessly!
You are too injured to fight recklessly!
You are too injured to fight recklessly!
You are too injured to fight recklessly!
You are too injured to fight recklessly!
You are too injured to fight recklessly!
You are too injured to fight recklessly!
You are too injured to fight recklessly!
You are too injured to fight recklessly!
You are too injured to fight recklessly!
You are too injured to fight recklessly!
You are too injured to fight recklessly!
You are too injured to fight recklessly!
You are too injured to fight recklessly!
You are too injured to fight recklessly!
You are too injured to fight recklessly!
You scratch the two-headed ogre.
The two-headed ogre is lightly wounded.
You claw the two-headed ogre!
The two-headed ogre is lightly wounded.
The two-headed ogre completely misses you.
The two-headed ogre hits you with a +0 giant club!!
* * * LOW HITPOINT WARNING * * *
You take 21 damage, and have 33/113 hp.
You scratch the two-headed ogre.
The two-headed ogre is moderately wounded.
You eviscerate the two-headed ogre!!!
The two-headed ogre is almost dead.
The two-headed ogre hits you with a +0 giant club!
* * * LOW HITPOINT WARNING * * *
The two-headed ogre hits you with a +0 giant club!!
You die...

█..█ █..█ █..█ █..█ █..█
█..█
████████████.)██████████
█..█
.............)).........
....
............))..........
.....................█
.....................█
.[..............@....█
.................O...█
.....................█
........................
....█████████████ █.o


You could see a two-headed ogre.

Vanquished Creatures
  A two-headed ogre (D:9)
  An unseen horror (D:11)
  5 orc knights (Bailey)
  Pikel (D:4)
  An ugly thing (D:11)
  Joseph (D:8)
  2 gargoyles (D:11)
  A komodo dragon (D:11)
  3 trolls
  A queen bee (D:9)
  2 wyverns
  15 yaks
  A shadow (D:11)
  3 water moccasins (D:11)
  11 orc warriors
  Purgy (D:3)
  2 ice beasts (D:11)
  4 black bears
  A sky beast (D:6)
  A necrophage (D:11)
  7 ogres
  A lemure (D:4)
  3 centaurs
  A big kobold (D:7)
  7 bullfrogs
  4 scorpions
  23 killer bees
  2 howler monkeys (D:8)
  An electric eel (D:9)
  13 wights
  A quasit (D:11)
  3 bullfrog skeletons
  2 bullfrog zombies
  3 centaur skeletons
  7 hounds
  A jelly (D:11)
  7 orc priests
  6 orc wizards
  Jessica (D:3)
  3 iguanas (D:7)
  8 worker ants
  Ijyb (D:4)
  A killer bee zombie (D:8)
  2 hound zombies
  A worker ant zombie (D:7)
  8 gnolls (D:2)
  A howler monkey skeleton (D:4)
  13 adders
  3 shadow imps
  A white imp (D:5)
  3 oozes
  2 adder zombies
  An adder skeleton (D:4)
  3 worms (Sewer)
  A dart slug (D:1)
  4 leopard geckos
  93 orcs
  5 ball pythons
  12 bats
  7 giant cockroaches
  12 goblins
  5 hobgoblins
  18 jackals
  11 kobolds
  A quokka (D:7)
  4 frilled lizards
  A jackal zombie (D:5)
  A leopard gecko skeleton (D:5)
  2 leopard gecko zombies
  11 rats
390 creatures vanquished.

Vanquished Creatures (others)
  47 fungi (D:11)
  53 plants (D:11)
  3 withered plants (D:4)
103 creatures vanquished.

Grand Total: 493 creatures vanquished

Notes
Turn   | Place    | Note
-------+----------+-------------------------------------------
     0 | D:1      | Goblin1989 the Troll Monk began the quest for the Orb.
     0 | D:1      | Reached XP level 1. HP: 22/22 MP: 0/0
   127 | D:1      | Reached XP level 2. HP: 29/29 MP: 1/1
   169 | D:1      | Reached skill level 4 in Unarmed Combat
   335 | D:1      | You fall into a shaft and drop 1 floor!
   339 | D:2      | Reached XP level 3. HP: 36/36 MP: 2/2
   600 | D:2      | Reached XP level 4. HP: 44/44 MP: 3/3
   604 | D:2      | Reached skill level 5 in Unarmed Combat
   768 | D:2      | Reached XP level 5. HP: 30/50 MP: 4/4
  1014 | D:3      | Noticed Jessica
  1021 | D:3      | Killed Jessica
  1022 | D:3      | Reached skill level 6 in Unarmed Combat
  1219 | D:3      | Found a faded altar of an unknown god.
  1325 | D:3      | Noticed Purgy
  1340 | D:3      | Killed Purgy
  1341 | D:3      | Reached skill level 7 in Unarmed Combat
  1341 | D:3      | Reached XP level 6. HP: 30/59 MP: 5/5
  1891 | D:4      | Noticed Pikel
  2121 | D:4      | Killed Pikel
  2122 | D:4      | Reached skill level 9 in Unarmed Combat
  2122 | D:4      | Reached XP level 7. HP: 55/66 MP: 6/6
  2129 | D:4      | Found a glowing drain.
  2166 | Sewer    | Entered a sewer
  2681 | D:4      | Reached XP level 8. HP: 69/74 MP: 7/7
  2904 | D:4      | Noticed Ijyb
  2908 | D:4      | Noticed a moth of wrath
  2911 | D:4      | Killed Ijyb
  2968 | D:5      | Entered Level 5 of the Dungeon
  2980 | D:5      | Reached skill level 10 in Unarmed Combat
  3317 | D:5      | Found an ornate altar of the Wu Jian Council.
  3320 | D:5      | Became a worshipper of the Wu Jian Council
  3320 | D:5      | Reached * piety under Wu Jian
  3320 | D:5      | Reached ** piety under Wu Jian
  3802 | D:6      | Found a basalt altar of Yredelemnul.
  3819 | D:6      | Found an iron altar of Okawaru.
  4085 | D:6      | Reached skill level 11 in Unarmed Combat
  4349 | D:7      | Reached XP level 9. HP: 84/84 MP: 8/8
  4705 | D:7      | Found a staircase to the Ecumenical Temple.
  4961 | D:8      | Noticed Joseph
  4969 | D:8      | Killed Joseph
  5096 | D:8      | Found a shimmering blue altar of Sif Muna.
  5113 | D:8      | Learned a level 6 spell: Statue Form
  5153 | D:8      | Reached *** piety under Wu Jian
  5163 | D:8      | Reached skill level 1 in Earth Magic
  5410 | D:8      | Reached skill level 1 in Transmutations
  5440 | D:8      | Found a glowing silver altar of Zin.
  5628 | D:8      | Found a hazy altar of Hepliaklqana.
  5629 | D:8      | Found a shimmering altar of Xom.
  5630 | D:8      | Noticed a spectral ugly thing
  5917 | D:9      | Reached skill level 5 in Fighting
  5917 | D:9      | Reached skill level 1 in Spellcasting
  5993 | D:9      | Reached XP level 10. HP: 93/95 MP: 10/10
  6000 | D:9      | Found a stormy altar of Qazlal.
  6022 | D:9      | Reached skill level 5 in Dodging
  6474 | D:9      | Found a shimmering blue altar of Sif Muna.
  7087 | D:9      | Reached **** piety under Wu Jian
  7106 | D:9      | Noticed a two-headed ogre
  7110 | D:9      | Killed a two-headed ogre
  7111 | D:9      | Found a staircase to the Orcish Mines.
  7417 | D:10     | Entered Level 10 of the Dungeon
  7448 | D:10     | Found the +12 Vampire's Tooth {vamp}
  7461 | D:10     | Noticed a two-headed ogre
  7486 | D:11     | Noticed a gargoyle
  7583 | D:11     | Killed a gargoyle
  7648 | D:11     | Reached skill level 12 in Unarmed Combat
  7677 | D:11     | Found a flagged portal.
  7687 | Bailey   | Entered a bailey
  7704 | Bailey   | Reached ***** piety under Wu Jian
  7770 | Bailey   | Reached XP level 11. HP: 99/105 MP: 13/13
  7858 | Bailey   | Noticed an orc knight
  7859 | Bailey   | Noticed an orc knight
  7890 | Bailey   | Killed an orc knight
  7926 | Bailey   | Killed an orc knight
  7927 | Bailey   | Reached skill level 5 in Earth Magic
  8043 | Bailey   | Noticed an orc knight
  8043 | Bailey   | Noticed an orc knight
  8080 | Bailey   | Killed an orc knight
  8092 | Bailey   | HP: 3/157 [orc knight/+0 halberd (26)]
  8093 | Bailey   | Killed an orc knight
  8225 | Bailey   | Noticed an orc knight
  8278 | Bailey   | Killed an orc knight
  8442 | D:11     | Identified a scroll of acquirement
  8443 | D:11     | Acquired 924 gold pieces
  8500 | D:11     | Killed an unseen horror
  8686 | D:11     | Reached skill level 5 in Transmutations
  8947 | D:11     | Noticed a green ugly thing
  8960 | D:11     | Killed a green ugly thing
  9153 | D:11     | Found a staircase to the Lair.
  9573 | D:10     | Reached XP level 12. HP: 86/115 MP: 15/15
  9663 | D:10     | Slain by a two-headed ogre

Illustrated notes

Levels and vault maps discovered:
D:1:      onia_arrival_pentagram, layout_basic
D:2:      layout_rooms
D:3:      layout_basic, chequers_ecumenical_altar_island, uniq_jessica,
          uniq_purgy
D:4:      layout_loops_ring, tgw_trog, gup_sewer_entry_glass, serial_undead,
          serial_undead_b, serial_undead_c, serial_undead_a, serial_undead_f,
          uniq_pikel, uniq_ijyb
D:5:      layout_cave_pools, kennysheep_mini_moat
D:6:      layout_gridville, yredelemnul_altar_generic,
          kennysheep_okawaru_gauntlet, minivault_25,
          hangedman_abyss_or_decor_lesser_grid, lightli_orcish_oven
D:7:      layout_loops_ring, minmay_temple_entry_antechambers
D:8:      layout_basic, led_sif_book, nicolae_overflow_crystal_walls,
          regret_index_temple_of_mockery, uniq_joseph
D:9:      kennysheep_orc_sif_temple, layout_irregular_city,
          general_overflow_altar, erik_orc_2, minivault_7
D:10:     layout_long_grid, special_room [special_room_orc]
D:11:     layout_roguey, due_lair_maze_entry_diamond, enter_bailey_3,
          grunt_decor_fettered
D:12:     layout_cave_pods, xom_teletrap_fun

Skill      XL: |  1  2  3  4  5  6  7  8  9 10 11 12 |
---------------+-------------------------------------+-----
Unarmed Combat | 4 5 7 9 11 12 | 12.0
Fighting       | 3 5 6 |  6.7
Dodging        | 3 4 5 6 |  6.6
Earth Magic    | 2 4 7 |  7.0
Transmutations | 2 3 5 6 |  6.0
Spellcasting   | 1 2 3 |  3.0
Stealth        | |  1.0

Action                   |  1- 3 |  4- 6 |  7- 9 | 10-12 || total
-------------------------+-------+-------+-------+-------++-------
Melee: Unarmed           |    96 |   173 |   297 |   533 ||  1099
       Punch             |     2 |     2 |    15 |    30 ||    49
       Quick blade       |       |       |       |    25 ||    25
Invok: Lunge             |       |       |    19 |    48 ||    67
       Whirlwind         |       |       |     4 |    17 ||    21
       Serpent's Lash    |       |       |       |     1 ||     1
Evoke: Wand              |       |       |       |    11 ||    11
  Use: Scroll            |       |    10 |       |    17 ||    27
       Potion            |       |     2 |     2 |     4 ||     8
 Stab: Sleeping          |     2 |     1 |    13 |     4 ||    20
       Distracted        |       |     1 |       |     3 ||     4
       Paralysed         |       |       |       |     2 ||     2
Armor: Robe              |    39 |    49 |       |       ||    88
       Troll leather arm |       |    14 |    93 |   195 ||   302
Dodge: Dodged            |    58 |   116 |   133 |   334 ||   641
